 Dungeon Crawl Stone Soup version 0.31-a0-466-g98c9adc2b6 (webtiles) character file.

Game seed: 17660052022711172461

6955 avis the Gouger (level 10, -9/49 HPs)
             Began as a Felid Shapeshifter on Aug 3, 2023.
             Was an Initiate of Gozag.
             Killed by the air
             ... invoked by Gastronok
              (35 damage)
             ... on level 1 of the Lair of Beasts on Aug 5, 2023.
             The game lasted 01:17:55 (15230 turns).

avis the Gouger (Felid Shapeshifter)               Turns: 15230, Time: 01:17:55

Health: -9/49      AC:  2    Str: 17    XL:     10   Next: 80%
Magic:  11/11      EV: 26    Int:  9    God:    Gozag
Gold:   782        SH:  0    Dex: 18    Spells: 8/9 levels left
                                        Lives:  0   Deaths: 3

rFire   . .          .
                       - Unarmed
rCold   . . .        (shield unavailable)
rNeg    . . .        (body armour unavailable)
rPois   +            (helmet unavailable)
rElec   .            (cloak unavailable)
rCorr   .            (gloves unavailable)
SInv    +            (boots unavailable)
Will    +++..        q - amulet of regeneration
Stlth   +++          H - ring of willpower
HPRegen 1.08/turn    u - ring "Ucwuuci" {+Blink Fly rPois Will+ Str+2}
MPRegen 0.12/turn

%: no passive effects
@: beast-form, flying, quick
A: beast (slay +6), very small, claws 1, fangs 3, see invisible, speed 1, shaggy
fur 2, stealthy paws, no weapons or thrown items, no armour, multi-lived
a: Begin Untransformation, Renounce Religion, Evoke Blink, Potion Petition, Call
Merchant, Bribe Branch


You were on level 1 of the Lair of Beasts.
You worshipped Gozag.
Gozag was pleased with you.
You were a hulking beast.
You visited 3 branches of the dungeon, and saw 13 of its levels.
You also visited: Ossuary.

You collected 2127 gold pieces.
You spent 120 gold pieces at shops.
You paid 1225 gold pieces to Gozag.

Inventory:

Jewellery
 d - a ring of fire
 l - a ring of magical power
 o - a ring of resist corrosion
 q - an amulet of regeneration (around neck)
 u - the ring "Ucwuuci" (right paw) {+Blink Fly rPois Will+ Str+2}
   (You found it on level 1 of the Lair of Beasts)

   [ring of poison resistance]

   Str:       It affects your strength (+2).
   rPois:     It protects you from poison.
   Fly:       It grants you flight.
   +Blink:    It lets you blink.
   Will:      It increases your willpower.
 E - a ring of flight
 H - a ring of willpower (left paw)
 I - an amulet of reflection
Talismans
 b - a beast talisman (active)
Scrolls
 c - 3 scrolls of enchant weapon {unknown}
 e - 9 scrolls of teleportation
 f - 3 scrolls of noise {unknown}
 h - a scroll of identify
 i - 2 scrolls of blinking {unknown}
 n - 3 scrolls of immolation
 s - 3 scrolls of fog {unknown}
 v - a scroll of enchant armour {unknown}
 w - a scroll of fear {unknown}
 y - 2 scrolls of vulnerability
 z - a scroll of brand weapon {unknown}
 B - a scroll of poison {unknown}
 C - 2 scrolls of amnesia {unknown}
 F - 2 scrolls of revelation {unknown}
Potions
 a - a potion of brilliance
 g - 2 potions of curing
 j - a potion of cancellation
 k - 2 potions of ambrosia
 m - a potion of might
 p - 2 potions of heal wounds
 r - a potion of enlightenment
 t - 2 potions of magic


   Skills:
 + Level 8.6 Fighting
 + Level 11.7 Dodging
 - Level 5.0 Stealth
 * Level 12.2 Unarmed Combat
 + Level 0.5 Hexes
 + Level 8.6 Shapeshifting


You had 8 spell levels left.
You knew the following spells:

 Your Spells              Type           Power      Damage    Failure   Level
a - Slow                  Hex            0%         N/A       32%         1

Your spell library contained the following spells:

 Spells                   Type           Power      Damage    Failure   Level
 Freeze                   Ice            0%         1d3       38%         1
 Ensorcelled Hibernation  Hex/Ice        0%         N/A       50%         2
 Lesser Beckoning         Tloc           0%         N/A       52%         2
 Confusing Touch          Hex            0%         N/A       69%         3
 Frozen Ramparts          Ice            0%         1d1       77%         3
 Gell's Gravitas          Tloc           0%         N/A       77%         3
 Hailstorm                Conj/Ice       0%         3d3       77%         3
 Teleport Other           Tloc           0%         N/A       77%         3
 Vampiric Draining        Necr           0%         2d6       77%         3
 Anguish                  Hex/Necr       0%         N/A       98%         4


Dungeon Overview and Level Annotations

Branches:
Dungeon (11/15)            Temple (1/1) D:5            Lair (1/5) D:10
Ossuary (visited)
    Orc: D:9-12

Altars:
Ashenzari
Cheibriados
Dithmenos
Elyvilon
Fedhas
Gozag
Hepliaklqana
Kikubaaqudgha
Makhleb
Nemelex Xobeh
Okawaru
Qazlal
Ru
Sif Muna
Trog
Uskayaw
Vehumet
Wu Jian
Xom
Yredelemnul
Zin
The Shining One

Shops:
D:2 (   D:3 (   D:7 [   D:10 *

Annotations:
D:8 statue guard, exclusion: obsidian statue
Lair:1 Gastronok


Innate Abilities, Weirdness & Mutations

You are a hulking beast.
Your limbs bulge with bestial killing power. (Slay +6)
You have sharp claws.
You have razor-sharp teeth.
You have supernaturally acute eyesight. (SInv)
You cover ground quickly. (Speed+)
You are covered in thick fur. (AC +2)
Your paws help you pounce on unaware monsters.
You are incapable of wielding weapons or throwing items.
You cannot wear armour.
You gain extra lives every three experience levels.


Message History

Gastronok the Ponderous opens the door.
He is wearing the +3 hat of Pondering {ponderous, Will+ MP+10 Int+5}.
There is an open door here.
You claw Gastronok!
Gastronok is lightly wounded.
Gastronok completely misses you.
You mangle Gastronok!!
Gastronok is moderately wounded.
You scratch Gastronok but do no damage. You claw Gastronok, but do no damage.
Gastronok is moderately wounded.
Gastronok barely misses you.
You claw Gastronok! You claw Gastronok.
Gastronok is moderately wounded.
You claw Gastronok!
Gastronok is moderately wounded.
You scratch Gastronok.
Gastronok is heavily wounded.
Gastronok waves his eye-stalks in wide circles.
The air twists around and strikes you!!
You claw Gastronok! You bite Gastronok.
Gastronok is heavily wounded.
You scratch Gastronok.
Gastronok is heavily wounded.
Gastronok gurgles.
Gastronok bites you!
You claw Gastronok!
Gastronok is heavily wounded.
You claw Gastronok! You bite Gastronok.
Gastronok is severely wounded.
You claw Gastronok!
Gastronok is severely wounded.
Gastronok misses you.
You claw Gastronok!
Gastronok is almost dead.
You claw Gastronok!
Gastronok is almost dead.
Gastronok waves his eye-stalks in wide circles.
The air twists around and strikes you!!
Ouch! That really hurt!
You die...
Your body crumbles into a pile of gold.

.......
........♣
..#####
#..#..##♣ ####
!.# #.......♣
###((# #.......♣
#....# $
#.......♣
##...##
#.......♣#
#...~#
#........♣
#...~#
...#........♣
##..##
...#h#+##.#♣♣
#..##
#....w.......♣
##..#
#..>.........♣♣
#..##
...............♣
#...#
..............♣♣
##..#
(.............♣
##..##
.......P+P.####
#...#
##.....#......♣♣
#..##
#....P.......♣
#...#


You could see Gastronok (swift).

Vanquished Creatures
  3 death yaks (D:10)
  2 two-headed ogres
  Amaemon (D:8)
  A harpy (D:9)
  A cyclops (D:10)
  An orange demon (D:8)
  2 cane toads (Lair:1)
  A gargoyle (D:10)
  A hornet (D:10)
  4 polar bears (Lair:1)
  2 shadows
  A wraith (D:10)
  3 yaks (D:9)
  2 wyverns (D:10)
  8 water moccasins
  An orc warrior (D:7)
  4 ice beasts
  3 ogres
  7 black bears
  A sky beast (D:8)
  3 wolves (D:10)
  5 centaurs
  A phantom (D:5)
  A kobold brigand (D:9)
  4 bullfrogs
  2 wyvern zombies (Ossuary)
  A gnoll sergeant (D:9)
  6 wights
  A scorpion (D:6)
  A water moccasin zombie (Ossuary)
  11 killer bees (D:9)
  5 howler monkeys
  An electric eel (Lair:1)
  6 centaur zombies (Ossuary)
  6 bullfrog zombies (Ossuary)
  A gnoll bouda (D:9)
  A jelly (D:4)
  13 mummies (Ossuary)
  9 orc priests
  3 hounds
  2 iguanas
  10 orc wizards
  5 sleepcaps
  4 killer bee zombies (Ossuary)
  2 howler monkey zombies (Ossuary)
  10 gnolls
  12 adders
  A shadow imp (D:6)
  2 white imps
  An ufetubus (D:5)
  An adder zombie (D:3)
  5 worms
  3 dart slugs
  44 orcs
  4 ball pythons
  8 bats
  8 endoplasms
  4 giant cockroaches
  8 goblins
  6 hobgoblins
  8 kobolds
  A quokka (D:4)
  A ball python skeleton (D:3)
  A ball python zombie (D:3)
  3 frilled lizards
  A jackal zombie (D:5)
  A kobold zombie (D:5)
  A quokka skeleton (D:3)
  6 rats
  A rat zombie (D:5)
294 creatures vanquished.

Notes
Turn   | Place    | Note
-------+----------+-------------------------------------------
     0 | D:1      | avis the Felid Shapeshifter began the quest for the Orb.
     0 | D:1      | Reached XP level 1. HP: 9/9 MP: 2/2
   216 | D:1      | Reached XP level 2. HP: 10/12 MP: 3/3
   714 | D:2      | Reached XP level 3. HP: 15/15 MP: 4/4
   765 | D:2      | Found Jutuil's Weapon Emporium.
  1002 | D:2      | Reached skill level 1 in Stealth
  1322 | D:2      | Reached XP level 4. HP: 19/19 MP: 5/5
  1792 | D:3      | Found Weluu's Weapon Boutique.
  1837 | D:3      | Reached XP level 5. HP: 14/22 MP: 6/6
  1930 | D:3      | Identified the +0 scale mail "Faplops" {Dex+2 Stlth+}
  2120 | D:3      | Reached skill level 5 in Dodging
  2750 | D:4      | Noticed a black bear
  2761 | D:4      | Killed a black bear
  2762 | D:4      | Reached skill level 4 in Unarmed Combat
  2762 | D:4      | Gained mutation: You are covered in thick fur. (AC +2)
                  | [Felid growth]
  2762 | D:4      | Reached XP level 6. HP: 8/27 MP: 7/7
  3274 | D:4      | HP: 1/40 [centaur (3)]
  3282 | D:4      | Reached XP level 7. HP: 3/31 MP: 8/8
  3506 | D:4      | Reached skill level 5 in Unarmed Combat
  4156 | D:4      | Found a stormy altar of Qazlal.
  4409 | D:5      | Entered Level 5 of the Dungeon
  4412 | D:5      | Found a staircase to the Ecumenical Temple.
  4423 | Temple   | Entered the Ecumenical Temple
  4436 | Temple   | Became a worshipper of Gozag Ym Sagoz the Greedy
  4634 | D:5      | Found a sand-covered staircase.
  4662 | Ossuary  | Entered an ossuary
  4762 | Ossuary  | Reached skill level 6 in Unarmed Combat
  4776 | Ossuary  | Reached skill level 5 in Shapeshifting
  4776 | Ossuary  | Reached XP level 8. HP: 14/36 MP: 9/9
  5337 | Ossuary  | HP: 1/36 [wyvern zombie (15)]
  5338 | Ossuary  | Slain by a wyvern zombie
  5339 | Ossuary  | Reached XP level 7. HP: -5/33 MP: 17/17
  5346 | Ossuary  | Reached skill level 7 in Unarmed Combat
  5668 | D:5      | Slain by an ogre
  5669 | D:5      | Reached XP level 6. HP: -1/30 MP: 16/16
  5890 | D:5      | Reached XP level 7. HP: 33/33 MP: 8/8
  6000 | D:5      | Reached skill level 5 in Fighting
  6501 | D:6      | HP: 1/33 [white imp (5)]
  6683 | D:6      | Found a radiant altar of Vehumet.
  6872 | D:6      | Reached XP level 8. HP: 37/37 MP: 9/9
  7218 | D:6      | Reached skill level 8 in Unarmed Combat
  8439 | D:7      | Found a hazy altar of Hepliaklqana.
  8528 | D:7      | Reached XP level 9. HP: 35/41 MP: 10/10
  8615 | D:7      | Found Lewewurgh's Armour Emporium.
  9593 | D:7      | Reached skill level 9 in Unarmed Combat
  9902 | D:8      | Found a blossoming altar of Fedhas.
 10037 | D:8      | Noticed an obsidian statue
 10192 | D:8      | Noticed an orange demon
 10212 | D:8      | Killed an orange demon
 10319 | D:8      | Noticed Amaemon
 10343 | D:8      | HP: 1/42 [Amaemon/-2 demon whip of venom (9)]
 10344 | D:8      | Killed Amaemon
 10574 | D:8      | Identified the +1 robe of Meimnaq {Harm Rampage rPois
                  | Will-}
 11833 | D:9      | Reached XP level 10. HP: 46/46 MP: 11/11
 11901 | D:9      | Reached skill level 10 in Unarmed Combat
 12085 | D:9      | Reached skill level 10 in Dodging
 12100 | D:9      | Noticed a two-headed ogre
 12501 | D:9      | Killed a two-headed ogre
 12513 | D:9      | Upgraded the game from 0.31-a0-441-g867994ef1c to
                  | 0.31-a0-466-g98c9adc2b6
 12527 | D:10     | Entered Level 10 of the Dungeon
 12578 | D:9      | a steam dragon changed into a harpy
 12578 | D:9      | Noticed a harpy
 12582 | D:9      | Killed a harpy
 13069 | D:10     | Noticed a cyclops
 13076 | D:10     | Killed a cyclops
 13140 | D:10     | Found a staircase to the Lair.
 13140 | D:10     | Noticed a two-headed ogre
 13153 | D:10     | Reached skill level 11 in Unarmed Combat
 13176 | D:10     | Killed a two-headed ogre
 13177 | D:10     | Reached XP level 11. HP: 11/51 MP: 12/12
 13402 | D:10     | Learned a level 1 spell: Slow
 13413 | D:10     | Found a glowing silver altar of Zin.
 13413 | D:10     | Found a broken altar of Ashenzari.
 13999 | Lair:1   | Entered Level 1 of the Lair of Beasts
 14467 | Lair:1   | Noticed a death yak
 14467 | Lair:1   | Noticed a death yak
 14470 | Lair:1   | Noticed a death yak
 14703 | D:10     | Killed a death yak
 14704 | D:10     | Reached skill level 5 in Stealth
 14782 | D:10     | Killed a death yak
 14815 | D:10     | Bought a scroll of identify for 24 gold pieces
 14815 | D:10     | Bought a scroll of immolation for 48 gold pieces
 14815 | D:10     | Bought a scroll of vulnerability for 48 gold pieces
 14841 | D:10     | Killed a death yak
 14842 | D:10     | Reached skill level 12 in Unarmed Combat
 14952 | Lair:1   | Slain by a komodo dragon
 14953 | Lair:1   | Reached XP level 10. HP: 0/49 MP: 20/20
 15103 | Lair:1   | Identified the ring "Ucwuuci" {+Blink Fly rPois Will+
                  | Str+2}
 15159 | Lair:1   | Noticed Gastronok
 15159 | Lair:1   | Noticed a black mamba
 15230 | Lair:1   | Killed from afar by Gastronok

Illustrated notes

Levels and vault maps discovered:
D:1:      wander_arrival_desolate, layout_basic, hangedman_decor_riveting,
          minmay_tripent
D:2:      layout_basic, serial_shops, shop
D:3:      layout_loops_ring, serial_undead, serial_undead_d, serial_undead_d,
          serial_undead_f, serial_undead_e, serial_shops, shop,
          kennysheep_generic_room_7
D:4:      layout_loops_corners, nicolae_qazlal_eye_of_the_storm, serial_bayou,
          serial_bayou_shore_b, serial_bayou_pond_a, serial_bayou_lagoon_b,
          serial_bayou_shore_b, serial_bayou_pond_a, minmay_starry_boxes
D:5:      layout_basic, minmay_temple_entry_junction, enter_ossuary_3
D:6:      layout_cave_pods, vehumet_crystals
D:7:      layout_basic, mainiacjoe_overflow_catwalk, serial_shops, shop
D:8:      minmay_statue_hallways, layout_basic, fedhas_altar_2, uniq_amaemon
D:9:      layout_grid_maze
D:10:     layout_basic, amethyst_overflow_temple_binary, minmay_lair_entry_grove
D:11:     layout_small_grid, minmay_orc_entry_guard_dogs, nicolae_rejected_hall,
          uniq_grum
Temple:   nicolae_temple_bog_church
Lair:1:   layout_regular_city, gammafunk_lair_bear_cave,
          infiniplex_staircase_pool_2, uniq_gastronok

Skill      XL: |  1  2  3  4  5  6  7  8  9 10 11 |
---------------+----------------------------------+-----
Dodging        | 3 4 5 8 7 9 10 11 | 11.7
Stealth        | 1 2 3 4 5 |  5.0
Fighting       | 2 3 5 6 7 8 |  8.6
Shapeshifting  | 4 5 6 7 8 |  8.6
Unarmed Combat | 4 7 8 9 11 12 | 12.2
Hexes          | |  0.5

Action                     |  1- 3 |  4- 6 |  7- 9 | 10-12 || total
---------------------------+-------+-------+-------+-------++-------
  Melee: Unarmed           |    80 |   129 |   500 |   249 ||   958
         Bite              |     6 |    14 |    64 |    40 ||   124
         Punch             |       |     2 |    24 |    24 ||    50
   Cast: Slow              |       |       |       |     1 ||     1
 Invoke: Potion Petition   |       |       |     1 |     1 ||     2
         Call Merchant     |       |       |       |     1 ||     1
Ability: Begin Untransform |       |     1 |       |       ||     1
  Evoke: Wand              |       |       |       |     4 ||     4
    Use: Potion            |       |     1 |     6 |     5 ||    12
         Scroll            |       |       |       |    11 ||    11
   Stab: Sleeping          |     4 |     8 |     4 |     5 ||    21
         Distracted        |       |       |     4 |     2 ||     6
 Armour: Skin              |     4 |    15 |    38 |     7 ||    64
  Dodge: Dodged            |    46 |    79 |   358 |   233 ||   716
   Form: Beast             |       |     1 |       |       ||     1

Table legend: (Time is in decaauts)
 A = Elapsed time spent in this place.
 B = Non-inter-level travel time spent in this place.
 C = Inter-level travel time spent in this place.
 D = Time resting spent in this place.
 E = Time spent auto-exploring this place.
 F = Levels seen in this place.
 G = Mean time per level.
                   A        B        C        D        E       F      G
               +--------+--------+--------+--------+--------+-----+--------+
         Total |  13027 |  11356 |   1671 |   2780 |   5187 |  14 |  930.5 |
       Dungeon |  11352 |   9685 |   1667 |   2158 |   4937 |  11 | 1032.0 |
        Temple |     94 |     92 |      2 |     70 |      0 |   1 |   94.0 |
          Lair |    704 |    703 |      1 |    151 |    238 |   1 |  704.0 |
       Ossuary |    876 |    876 |      0 |    399 |     11 |   1 |  876.0 |
               +--------+--------+--------+--------+--------+-----+--------+

Top non-repeatable levels by time:
     D:4: 1617 daAuts
     D:8: 1611 daAuts
     D:6: 1406 daAuts
     D:9: 1159 daAuts
    D:10: 1147 daAuts
     D:7: 1098 daAuts
     D:5: 1070 daAuts
     D:2: 892 daAuts
 Ossuary: 876 daAuts
     D:3: 797 daAuts
  Lair:1: 704 daAuts
     D:1: 548 daAuts
  Temple: 94 daAuts
    D:11: 1 daAuts
